General information
			
			
        
        - name: BNet
 
        - type: Ladder team game (AT/RT)
 
        - host: Battle.net
 
        - saver: ImpotentAndBald
 
        
map: TidewaterGlades 
        - players: 4
 
        - length: 58:03
 
        - speed: Fast
 - version: 1.22 W3XP
 - replay type:  Public
 
» download(330 KB)
Players
        team 1 (winner) 
              
              
cum.2ez (
yellow | 127 APM | 6535 actions | 51:30)
              
 8 Tauren Chieftain 
 3 Shockwave
 2 Endurance Aura
 3 Reincarnation
 5 Pandaren Brewmaster 
 3 Breath of Fire
 2 Drunken Haze
 
                » actions 
                
                | Assign group hotkey | 73 |  | 
| Basic commands | 39 |  | 
| Build / train | 84 |  | 
| ESC pressed | 10 |  | 
| Enter build submenu | 37 |  | 
| Enter hero's abilities submenu | 14 |  | 
| Give item / drop item | 20 |  | 
| Right click | 2885 |  | 
| Select / deselect | 432 |  | 
| Select group hotkey | 2620 |  | 
| Use ability | 321 |  | 
                6535 total
 » units 
                
                | Peon | 17 |  | 
| Troll Batrider | 13 |  | 
| Goblin Zeppelin | 1 |  | 
                31 total
 » upgrades
                
                | Liquid Fire | 1 |  | 
| Reinforced Defenses | 1 |  | 
                2 total
 » buildings
                
                | Altar of Storms | 1 |  | 
| Orc Burrow | 4 |  | 
| Voodoo Lounge | 2 |  | 
| War Mill | 1 |  | 
| Watch Tower | 22 |  | 
| Stronghold | 3 |  | 
| Fortress | 3 |  | 
| Beastiary | 2 |  | 
                38 total
 » build order
                00:11 Altar of Storms
00:20 Orc Burrow
00:40 Voodoo Lounge
01:09 War Mill
01:51 Orc Burrow
02:28 Voodoo Lounge
03:00 Watch Tower
03:35 Stronghold
03:35 Stronghold
03:35 Stronghold
04:20 Watch Tower
04:49 Watch Tower
04:51 Watch Tower
04:51 Watch Tower
04:55 Watch Tower
05:14 Watch Tower
05:22 Watch Tower
05:55 Watch Tower
07:05 Watch Tower
07:07 Watch Tower
07:12 Watch Tower
07:13 Watch Tower
08:17 Watch Tower
08:18 Watch Tower
08:21 Watch Tower
08:56 Watch Tower
08:59 Watch Tower
09:18 Fortress
09:18 Fortress
10:18 Watch Tower
10:18 Watch Tower
10:33 Beastiary
10:34 Beastiary
10:56 Orc Burrow
10:58 Orc Burrow
11:07 Watch Tower
11:10 Watch Tower
» items
                
                | Healing Salve | 4 |  | 
| Lesser Clarity Potion | 9 |  | 
| Circlet of Nobility | 4 |  | 
| Boots of Speed | 2 |  | 
| Staff of Teleportation | 2 |  | 
| Scroll of Speed | 1 |  | 
| Orb of Lightning | 2 |  | 
| Staff of Sanctuary | 2 |  | 
                26 total
  
               
              
              
ImpotentAndBald (
orange | 103 APM | 5977 actions | 58:03)
              
 4 Archmage 
 2 Blizzard
 2 Brilliance Aura
 6 Mountain King 
 3 Storm Bolt
 2 Bash
 1 Avatar
 5 Paladin 
 3 Holy Light
 2 Divine Shield
 1 Pandaren Brewmaster 
 1 Storm Earth and Fire
 
                » actions 
                
                | Assign group hotkey | 21 |  | 
| Basic commands | 38 |  | 
| Build / train | 82 |  | 
| Enter build submenu | 26 |  | 
| Enter hero's abilities submenu | 16 |  | 
| Give item / drop item | 9 |  | 
| Remove unit from queue | 1 |  | 
| Right click | 3543 |  | 
| Select / deselect | 1060 |  | 
| Select group hotkey | 792 |  | 
| Use ability | 389 |  | 
                5977 total
 » units 
                
                | Peasant | 13 |  | 
| Priest | 2 |  | 
| Furbolg Shaman | 1 |  | 
| Sorceress | 2 |  | 
                18 total
 » upgrades
                
                | Masonry | 3 |  | 
| Lumber Harvesting | 1 |  | 
| Magic Sentry | 1 |  | 
| Priest Training | 2 |  | 
| Sorceress Training | 2 |  | 
| Backpack | 1 |  | 
                10 total
 » buildings
                
                | Altar of Kings | 1 |  | 
| Scout Tower | 21 |  | 
| Farm | 7 |  | 
| Lumber Mill | 1 |  | 
| Arcane Tower | 7 |  | 
| Guard Tower | 9 |  | 
| Keep | 1 |  | 
| Arcane Sanctum | 1 |  | 
| Castle | 1 |  | 
| Arcane Vault | 1 |  | 
                50 total
 » build order
                00:08 Altar of Kings
00:21 Scout Tower
00:24 Farm
00:39 Lumber Mill
00:52 Arcane Tower
01:21 Farm
01:32 Scout Tower
02:04 Guard Tower
02:14 Scout Tower
02:55 Guard Tower
03:51 Scout Tower
03:52 Keep
03:55 Scout Tower
03:55 Scout Tower
03:57 Scout Tower
04:32 Arcane Tower
04:33 Guard Tower
04:35 Farm
04:36 Farm
04:40 Farm
05:59 Guard Tower
06:52 Arcane Sanctum
06:56 Scout Tower
06:58 Scout Tower
07:42 Castle
07:57 Arcane Tower
08:02 Guard Tower
09:37 Farm
10:01 Farm
10:09 Arcane Vault
10:48 Scout Tower
10:49 Scout Tower
10:53 Scout Tower
10:54 Scout Tower
12:54 Arcane Tower
12:59 Guard Tower
19:35 Scout Tower
19:35 Scout Tower
19:38 Scout Tower
19:38 Scout Tower
19:39 Scout Tower
20:31 Guard Tower
20:42 Arcane Tower
20:46 Guard Tower
21:49 Guard Tower
28:12 Scout Tower
28:17 Scout Tower
28:19 Scout Tower
29:54 Arcane Tower
29:56 Arcane Tower
» items
                
                | Staff of Teleportation | 3 |  | 
| Boots of Speed | 3 |  | 
| Healing Salve | 1 |  | 
| Potion of Healing | 1 |  | 
| Staff of Sanctuary | 3 |  | 
| Orb of Lightning | 3 |  | 
| Scroll of Town Portal | 2 |  | 
                16 total
  
               team 2 (loser) 
              
              
mAcHi.bOsbC (
pink | 75 APM | 4357 actions | 58:02)
              
 5 Death Knight 
 3 Death Coil
 2 Unholy Aura
 4 Lich 
 2 Frost Nova
 2 Frost Armor
 
                » actions 
                
                | Assign group hotkey | 42 |  | 
| Basic commands | 3 |  | 
| Build / train | 97 |  | 
| Enter build submenu | 31 |  | 
| Enter hero's abilities submenu | 9 |  | 
| Give item / drop item | 2 |  | 
| Remove unit from queue | 3 |  | 
| Right click | 1780 |  | 
| Select / deselect | 568 |  | 
| Select group hotkey | 1626 |  | 
| Use ability | 196 |  | 
                4357 total
 » units 
                
                | Acolyte | 22 |  | 
| Ghoul | 6 |  | 
| Crypt Fiend | 17 |  | 
| Obsidian Statue | 10 |  | 
| Meatwagon | 2 |  | 
                57 total
 » upgrades
                
                | Web | 1 |  | 
| Burrow | 1 |  | 
| Destroyer Form | 1 |  | 
                3 total
 » buildings
                
                | Crypt | 2 |  | 
| Graveyard | 1 |  | 
| Ziggurat | 13 |  | 
| Altar of Darkness | 2 |  | 
| Tomb of Relics | 2 |  | 
| Nerubian Tower | 4 |  | 
| Halls of the Dead | 2 |  | 
| Slaughterhouse | 2 |  | 
| Black Citadel | 1 |  | 
| Spirit Tower | 7 |  | 
| Necropolis | 1 |  | 
                37 total
 » build order
                00:10 Crypt
00:21 Graveyard
00:38 Ziggurat
00:57 Altar of Darkness
01:11 Tomb of Relics
01:59 Ziggurat
02:31 Nerubian Tower
02:31 Nerubian Tower
04:18 Halls of the Dead
04:59 Ziggurat
05:00 Ziggurat
05:02 Ziggurat
07:18 Slaughterhouse
08:06 Slaughterhouse
08:43 Black Citadel
13:10 Ziggurat
15:57 Ziggurat
22:48 Ziggurat
25:57 Spirit Tower
25:57 Spirit Tower
26:16 Ziggurat
30:10 Nerubian Tower
30:45 Necropolis
31:19 Ziggurat
32:03 Ziggurat
32:15 Spirit Tower
34:06 Ziggurat
36:24 Nerubian Tower
39:00 Ziggurat
42:06 Altar of Darkness
42:07 Spirit Tower
42:11 Tomb of Relics
42:37 Spirit Tower
42:40 Crypt
» items
                
                | Rod of Necromancy | 2 |  | 
| Scroll of Town Portal | 2 |  | 
| Potion of Healing | 3 |  | 
| Orb of Corruption | 1 |  | 
| Potion of Mana | 1 |  | 
| Potion of Lesser Invulnerability | 2 |  | 
                11 total
  
               
              
              
NO_nAmE_hErO (
blue | 100 APM | 5782 actions | 57:56)
              
 4 Death Knight 
 2 Death Coil
 2 Unholy Aura
 3 Lich 
 2 Frost Nova
 1 Dark Ritual
 
                » actions 
                
                | Assign group hotkey | 188 |  | 
| Basic commands | 408 |  | 
| Build / train | 148 |  | 
| ESC pressed | 4 |  | 
| Enter build submenu | 41 |  | 
| Enter hero's abilities submenu | 7 |  | 
| Give item / drop item | 4 |  | 
| Right click | 1960 |  | 
| Select / deselect | 1012 |  | 
| Select group hotkey | 1777 |  | 
| Use ability | 233 |  | 
                5782 total
 » units 
                
                | Acolyte | 36 |  | 
| Ghoul | 15 |  | 
| Crypt Fiend | 12 |  | 
| Obsidian Statue | 8 |  | 
| Thunder Lizard | 5 |  | 
| Frost Wyrm | 9 |  | 
| Meatwagon | 6 |  | 
                91 total
 » upgrades
                
                | Burrow | 1 |  | 
| Creature Attack | 1 |  | 
| Destroyer Form | 1 |  | 
| Web | 1 |  | 
| Freezing Breath | 1 |  | 
                5 total
 » buildings
                
                | Altar of Darkness | 2 |  | 
| Ziggurat | 12 |  | 
| Crypt | 1 |  | 
| Graveyard | 1 |  | 
| Tomb of Relics | 1 |  | 
| Nerubian Tower | 7 |  | 
| Halls of the Dead | 2 |  | 
| Slaughterhouse | 1 |  | 
| Sacrificial Pit | 1 |  | 
| Black Citadel | 2 |  | 
| Boneyard | 1 |  | 
| Spirit Tower | 4 |  | 
| Necropolis | 1 |  | 
                36 total
 » build order
                00:16 Altar of Darkness
00:22 Ziggurat
00:30 Crypt
01:18 Graveyard
01:23 Tomb of Relics
01:49 Ziggurat
02:12 Nerubian Tower
03:48 Halls of the Dead
03:48 Halls of the Dead
04:55 Ziggurat
06:16 Slaughterhouse
06:17 Sacrificial Pit
07:56 Black Citadel
08:19 Ziggurat
08:47 Ziggurat
10:32 Boneyard
11:24 Ziggurat
13:51 Ziggurat
13:54 Spirit Tower
16:49 Nerubian Tower
16:50 Nerubian Tower
16:50 Nerubian Tower
17:38 Ziggurat
20:21 Necropolis
22:37 Ziggurat
25:16 Spirit Tower
26:21 Ziggurat
27:39 Spirit Tower
28:08 Ziggurat
32:34 Nerubian Tower
35:06 Ziggurat
40:09 Altar of Darkness
» items
                
                | Rod of Necromancy | 6 |  | 
| Potion of Healing | 3 |  | 
| Scroll of Healing | 1 |  | 
                10 total
  
                Chat log
          (00:03 / Allies) ImpotentAndBald: ugh
(00:14 / Allies) cum.2ez: i dont know what to expect
(00:16 / Allies) cum.2ez: but ugh that u got that side
(00:24 / Allies) cum.2ez: hpow about
(00:26 / Allies) cum.2ez: i go aoe
(00:29 / Allies) cum.2ez: and u go hero nukee
(00:30 / Allies) ImpotentAndBald: k
(00:32 / Allies) cum.2ez: :)))
(00:46 / Allies) ImpotentAndBald: still getting am though
(01:04 / Allies) cum.2ez: haha this guy
(01:06 / Allies) cum.2ez: wispering me stilll
(01:11 / Allies) ImpotentAndBald: the elf?
(01:16 / Allies) cum.2ez: ya
(01:22 / Allies) ImpotentAndBald: lol
(01:42 / Allies) cum.2ez: "LOL 1v1 ME BITCH U LOSE LOL FAG"
(01:44 / Allies) cum.2ez: over and over
(01:46 / Allies) cum.2ez: xD
(01:48 / Allies) ImpotentAndBald: l o l
(02:05 / Allies) cum.2ez: i dunno what we should do on this map without u on this side
(02:06 / Allies) cum.2ez: : /
(03:12 / Allies) cum.2ez: noobs
(03:15 / All) cum.2ez: Noobs
(03:39 / Allies) ImpotentAndBald: tt
(04:10 / Allies) ImpotentAndBald: nice
(04:16 / Allies) cum.2ez: he got book tho
(04:17 / Allies) cum.2ez: gay
(04:19 / Allies) ImpotentAndBald: tt
(04:58 / Allies) cum.2ez: haha
(05:05 / Allies) ImpotentAndBald: lol
(05:14 / Allies) ImpotentAndBald: no.
(05:35 / Allies) ImpotentAndBald: lol
(05:38 / Allies) ImpotentAndBald: coil.......
(08:10 / Allies) ImpotentAndBald: once hes back
(08:13 / Allies) ImpotentAndBald: i can creep it solo
(09:52 / Allies) ImpotentAndBald: bone chimz
(12:06 / Allies) ImpotentAndBald: k
(12:37 / Allies) ImpotentAndBald: he was trying to put an expo up
(13:52 / Allies) ImpotentAndBald: dot know
(14:00 / Allies) ImpotentAndBald: yes str tome
(14:16 / Allies) ImpotentAndBald: i cant tt
(15:09 / Allies) ImpotentAndBald: welp
(15:13 / Allies) ImpotentAndBald: not sure i can
(15:16 / Allies) ImpotentAndBald: they are real open
(16:48 / Allies) ImpotentAndBald: yah
(18:06 / Allies) ImpotentAndBald: yah
(21:29 / Allies) cum.2ez: ?
(23:19 / Allies) ImpotentAndBald: no scans
(23:41 / Allies) ImpotentAndBald: yes
(23:42 / Allies) ImpotentAndBald: tt
(23:48 / Allies) ImpotentAndBald: yeah
(23:51 / Allies) ImpotentAndBald: tt
(25:14 / Allies) ImpotentAndBald: nice
(25:33 / Allies) ImpotentAndBald: welp
(26:05 / Allies) ImpotentAndBald: maybe
(26:45 / Allies) ImpotentAndBald: i doubt it
(26:53 / Allies) ImpotentAndBald: big heal
(26:55 / Allies) ImpotentAndBald: spell ammy
(27:51 / Allies) cum.2ez: thats
(27:55 / Allies) cum.2ez: pretty effective!
(27:58 / Allies) ImpotentAndBald: no doubt
(28:37 / Allies) ImpotentAndBald: dont think so
(28:41 / Allies) ImpotentAndBald: i got his acos btw
(29:14 / Allies) ImpotentAndBald: god
(29:38 / Allies) ImpotentAndBald: lol
(30:04 / Allies) ImpotentAndBald: yeah that staff trading was pro
(30:21 / Allies) ImpotentAndBald: woot
(30:28 / Allies) ImpotentAndBald: welp
(31:27 / Allies) cum.2ez: t.t
(31:29 / Allies) ImpotentAndBald: staff and laugh failed
(31:33 / Allies) ImpotentAndBald: im slow 2nite
(31:41 / Allies) ImpotentAndBald: ur
(32:09 / Allies) ImpotentAndBald: def.
(32:13 / Allies) ImpotentAndBald: lol
(34:18 / Allies) ImpotentAndBald: tt
(35:34 / Allies) ImpotentAndBald: welp
(35:35 / Allies) cum.2ez: TT
(37:10 / Allies) ImpotentAndBald: woot
(38:56 / Allies) ImpotentAndBald: yah
(40:01 / Allies) cum.2ez: fiends?
(40:06 / Allies) ImpotentAndBald: nope
(40:23 / Allies) ImpotentAndBald: mk is 5
(41:54 / Allies) cum.2ez: laggin bad
(42:11 / Allies) cum.2ez: really
(42:12 / Allies) cum.2ez: fucking bad
(42:14 / Allies) ImpotentAndBald: tt
(43:36 / Allies) cum.2ez: fuck this lag
(44:20 / Allies) cum.2ez: mana up here
(44:24 / Allies) cum.2ez: ugh
(44:27 / Allies) ImpotentAndBald: what
(44:29 / Allies) ImpotentAndBald: i dont want to
(44:35 / Allies) ImpotentAndBald: im going to attacl
(44:46 / Allies) ImpotentAndBald: mana fountain here
(45:12 / Allies) ImpotentAndBald: welp
(45:20 / Allies) ImpotentAndBald: cyclone staff
(45:23 / Allies) ImpotentAndBald: is gay
(45:48 / Allies) cum.2ez: 6 rc
(45:50 / Allies) cum.2ez: tc
(46:17 / Allies) cum.2ez: pro staff
(46:33 / Allies) ImpotentAndBald: yo afk for a sec while i grab some painkillers
(46:33 / Allies) cum.2ez: panda almost 6 too
(46:37 / Allies) cum.2ez: xD
(47:05 / Allies) ImpotentAndBald: alrite
(47:18 / Allies) cum.2ez: ill bat that
(47:22 / Allies) cum.2ez: pressure blu
(48:36 / Allies) cum.2ez: i dont understand how blue spent that 12500 gold
(48:41 / Allies) ImpotentAndBald: me niether!!
(49:20 / Allies) cum.2ez: statues first?
(51:07 / Allies) ImpotentAndBald: yah
(51:08 / Allies) cum.2ez: my lvl 6
(51:30 / Allies) ImpotentAndBald: not sure i can win this 2v1
(57:44 / All) ImpotentAndBald: get out plz
(57:59 / All) ImpotentAndBald: t y